 Dungeon Crawl Stone Soup version 0.19-a0-790-ge39e1af (webtiles) character file.

97 AlphabetPasta the Vexing (level 4, -9/33 HPs)
             Began as a Hill Orc Enchanter on June 26, 2016.
             Was a Believer of Lugonu.
             Mangled by miek's ghost (13 damage)
             ... on level 3 of the Dungeon.
             The game lasted 00:10:35 (2306 turns).

AlphabetPasta the Vexing (Hill Orc Enchanter)       Turns: 2306, Time: 00:10:36

Health: -9/33      AC:  4    Str: 10    XL:     4   Next: 68%
Magic:  6/6        EV:  7    Int: 15    God:    Lugonu [**....]
Gold:   112        SH:  0    Dex: 12    Spells: 3 memorised, 0 levels left

rFire  . . .     SeeInvis .     a - +1 dagger
rCold  . . .     Gourm    .     b - +1 robe
rNeg   . . .     Faith    .     (no shield)
rPois  .         Spirit   .     (no helmet)
rElec  .         Dismiss  .     l - +0 cloak
rCorr  .         Reflect  .     (no gloves)
SustAt .         Harm     .     (no boots)
MR     .....                    (no amulet)
Stlth  ++........               (no ring)
                                (no ring)

@: not resistant to hostile enchantments, unstealthy
A: no striking features
a: Depart the Abyss, Bend Space, Renounce Religion


You were on level 3 of the Dungeon.
You worshipped Lugonu.
Lugonu was pleased with you.
You were not hungry.

You visited 1 branch of the dungeon, and saw 3 of its levels.

You collected 112 gold pieces.

Inventory:

Hand Weapons
 a - a +1 dagger (weapon)
Missiles
 e - 2 curare-tipped needles
Armour
 b - a +1 robe (worn)
 l - a +0 cloak (worn)
Jewellery
 h - an uncursed ring of wizardry {unknown}
Scrolls
 f - 2 scrolls of random uselessness {unknown}
 m - a scroll of enchant weapon {unknown}
 o - a scroll of amnesia {unknown}
 r - a scroll of teleportation {unknown}
 t - a scroll of immolation {unknown}
Potions
 j - 2 potions of resistance {unknown}
 n - a potion of cure mutation {unknown}
 p - a potion of agility {unknown}
 s - a potion of degeneration {unknown}
 u - a potion of flight {unknown}
Books
 c - a book of Maledictions

   Spells                             Type                      Level
   a - Corona                         Hexes                        1
   b - Ensorcelled Hibernation        Hexes/Ice                    2
   c - Confuse                        Hexes                        3
   d - Tukima's Dance                 Hexes                        3
   e - Dazzling Spray                 Conjuration/Hexes            3
Comestibles
 d - a bread ration
 i - a beef jerky
 k - 4 fruits
 q - a meat ration


   Skills:
 * Level 2.1 Short Blades
 + Level 1.9 Dodging
 * Level 3.1 Stealth
 + Level 1.8 Spellcasting
 * Level 3.7 Hexes
 + Level 0.6 Invocations


You couldn't memorise any spells.
You knew the following spells:

 Your Spells              Type           Power        Failure   Level  Hunger
a - Corona                Hex            ##.....      6%          1    ##.....
b - Ensorcelled Hibernat  Hex/Ice        #.....       17%         2    ###....
c - Confuse               Hex            ##......     17%         3    ####...


Dungeon Overview and Level Annotations

Branches:
Dungeon (3/15)

Altars:
Lugonu

Annotations:
D:3 miek's ghost, amateur MiNe


Message History

Lugonu accepts your kill.
You feel sick.
Eat a chunk of flesh? (ye/n/q/i?) This raw flesh tastes terrible.
You continue eating. x2
You feel sick.
You start resting.
You feel sick. x3
You are no longer poisoned.
You start resting.
Magic restored.
You start resting.
HP restored.
You climb downwards.
Level annotation: miek's ghost, amateur MiNe Miek's ghost hits you! x2
* * * LOW HITPOINT WARNING * * *
There is a stone staircase leading up, spattered with blood here.
Miek's ghost hits you!
You die...

........# ........#
........#######
...............
........##########
##.###...........#
...........).>##.#
##.###.######.##W######
##'###.# #..†@.....#
....##.# #########.#
....##.# .......#
########


You could see miek's ghost.

Vanquished Creatures
  3 adders
  2 oozes
  A dart slug (D:1)
  4 giant geckos
  6 bats
  4 giant cockroaches (D:1)
  6 goblins
  4 hobgoblins
  6 jackals (D:1)
  A quokka (D:2)
  2 ball pythons
  2 giant newts
  2 kobolds (D:1)
  12 rats
55 creatures vanquished.

Notes
Turn   | Place    | Note
--------------------------------------------------------------
     0 | D:1      | AlphabetPasta the Hill Orc Enchanter began the quest for the Orb.
     0 | D:1      | Reached XP level 1. HP: 14/14 MP: 3/3
   100 | D:1      | Reached XP level 2. HP: 19/20 MP: 4/4
   104 | D:1      | Learned a level 2 spell: Ensorcelled Hibernation
   502 | D:1      | Reached XP level 3. HP: 26/26 MP: 5/5
  1533 | D:1      | Upgraded the game from 0.19-a0-786-g904d2f3 to 0.19-a0-790-ge39e1af
  1618 | D:2      | Reached XP level 4. HP: 29/33 MP: 6/6
  1623 | D:2      | Learned a level 3 spell: Confuse
  1810 | D:2      | Found a faded altar of an unknown god.
  1822 | D:2      | Became a worshipper of Lugonu the Unformed
  1822 | D:2      | Reached * piety under Lugonu
  1822 | D:2      | Reached ** piety under Lugonu
  2129 | D:3      | Noticed miek's ghost (amateur MiNe)
  2306 | D:3      | Mangled by miek's ghost

Vault maps used:
D:1:      dpeg_cavernosity
D:2:      ecumenical_altar_2
D:3:      gammafunk_pakellas_cloud_experiment

Skill      XL: |  1  2  3  4 |
---------------+-------------+-----
Stealth        | 3 |  3.1
Short Blades   | 2 |  2.1
Dodging        | |  1.9
Spellcasting   | |  1.8
Hexes          | |  3.7
Invocations    | |  0.6

Action                   |  1- 3 |  4- 6 || total
-------------------------+-------+-------++-------
Melee: Dagger            |   158 |    41 ||   199
 Cast: Ensorcelled Hiber |     6 |     9 ||    15
       Corona            |     1 |     1 ||     2
 Stab: Sleeping          |     7 |     7 ||    14
  Eat: Chunk             |     3 |     3 ||     6
Armor: Robe              |    33 |    13 ||    46
Dodge: Dodged            |    93 |    28 ||   121
